Map: Blackburn LE

Players

ScruffrNuttr

  • Race: Terran Terran
  • League: Gold

Darkshooter - Winner!

  • Race: Terran Terran
  • League: Gold

VOD

Have the link to the VOD?

Description

Time

  • Played on: Feb. 12, 2022, 7:02 p.m.
  • Length: 16:34
Show
View Real Time Build Order
Export as new Build Order

ScruffrNuttr Terran 

Build Orders:  

Get SALT Encoding   

  12  0:01  SCV  
  13  0:13  SCV  
  14  0:20  Supply Depot  
  14  0:25  SCV  
  15  0:41  SCV  
  16  0:44  Barracks  
  16  0:47  Refinery  
  16  0:54  SCV  
  17  1:06  SCV  
  18  1:18  SCV  
  19  1:35  Command Center  
  19  1:39  Marine  
  20  1:41  SCV  
  20  1:43  Supply Depot  
  21  1:54  SCV  
  22  2:12  Barracks  
  22  2:13  Barracks Reactor  
  22  2:18  Orbital Command  
  22  2:43  Factory  
  22  2:50  SCV x2  
  24  3:01  Supply Depot  
  24  3:02  SCV x2  
  25  3:12  Marine x2  
  26  3:21  Barracks Tech Lab  
  26  3:26  SCV  
  27  3:29  Orbital Command, Marine x2  
  29  3:34  Supply Depot  
  29  3:38  SCV  
  30  3:46  Stimpack  
  30  3:47  Marine x2  
  30  3:48  Marauder  
  34  4:05  Marine x2  
  34  4:08  Supply Depot  
  37  4:10  SCV x2  
  37  4:15  Factory Tech Lab  
  38  4:18  Starport  
  38  4:20  Marine  
  38  4:22  SCV x2  
  41  4:31  Refinery  
  41  4:34  SCV, Supply Depot  
  41  4:35  SCV  
  43  4:46  SCV  
  43  4:47  SCV  
  43  4:48  Cyclone  
  43  4:52  Marine  
  49  4:53  Marine x2  
  49  4:58  SCV  
  49  4:59  SCV  
  53  5:02  Refinery  
  53  5:04  Refinery  
  53  5:07  Supply Depot  
  53  5:10  SCV  
  53  5:12  SCV  
  55  5:15  Engineering Bay  
  55  5:18  Starport Reactor  
  55  5:20  Marine x3  
  58  5:29  Cyclone  
  61  5:37  SCV x2  
  63  5:43  Marine x3  
  63  5:49  SCV x2  
  68  6:00  Missile Turret  
  68  6:02  Missile Turret  
  68  6:03  SCV  
  69  6:05  SCV  
  69  6:07  Marine  
  69  6:08  Marine  
  72  6:13  Medivac  
  72  6:15  Medivac  
  76  6:20  Missile Turret  
  76  6:23  Missile Turret  
  76  6:34  SCV x2  
  78  6:44  Combat Shield  
  78  6:45  Command Center  
  78  6:57  SCV  
  78  6:58  SCV  
  80  7:03  Siege Tank  
  80  7:05  Medivac  
  85  7:13  Medivac  
  87  7:15  Supply Depot  
  87  7:16  Supply Depot  
  79  7:37  Medivac, Siege Tank  
Show
View Real Time Build Order
Export as new Build Order

Darkshooter Terran - Winner!

Build Orders:  

Get SALT Encoding   

  12  0:00  SCV  
  13  0:12  SCV  
  14  0:23  Supply Depot  
  14  0:27  SCV  
  15  0:32  Refinery  
  15  0:47  SCV, Barracks  
  16  0:59  SCV  
  17  1:11  SCV  
  17  1:12  Barracks  
  18  1:23  SCV  
  19  1:28  Supply Depot  
  19  1:35  SCV  
  20  1:47  Reaper  
  20  1:49  Orbital Command  
  21  2:01  Barracks Reactor  
  20  2:16  SCV  
  20  2:20  Barracks Tech Lab  
  21  2:28  SCV  
  22  2:39  Command Center  
  22  2:40  SCV  
  22  2:43  Stimpack  
  23  2:47  Marine  
  23  2:49  Marine  
  25  2:52  SCV  
  26  3:04  SCV  
  26  3:20  SCV  
  26  3:24  Marine x2  
  26  3:26  Marauder  
  31  3:36  Supply Depot  
  31  3:40  Refinery  
  31  3:47  Factory  
  31  3:52  Engineering Bay  
  31  3:54  Orbital Command  
  31  3:57  Marauder  
  31  3:59  Marine x2  
  35  4:17  Orbital Command  
  35  4:18  Terran Infantry Weapons Level 1  
  35  4:22  Supply Depot  
  35  4:24  Marine x2  
  35  4:25  Combat Shield, Marauder  
  35  4:29  SCV  
  35  4:31  Factory Tech Lab  
  40  4:39  Supply Depot  
  40  4:41  SCV  
  41  4:46  SCV  
  42  4:53  SCV, Siege Tank  
  42  4:58  SCV  
  47  5:06  SCV, Engineering Bay  
  48  5:10  SCV, Bunker  
  48  5:12  Refinery  
  49  5:18  SCV  
  49  5:21  Supply Depot  
  50  5:23  SCV  
  50  5:28  Siege Tank, Barracks  
  51  5:31  Marine x3  
  51  5:35  SCV  
  58  5:42  Terran Infantry Armor Level 1  
  58  5:47  SCV  
  59  5:52  Marine x3  
  59  5:56  Supply Depot  
  62  5:59  SCV x2  
  62  6:01  Starport  
  64  6:05  Siege Tank  
  64  6:11  SCV x2  
  69  6:16  Barracks Reactor  
  69  6:18  Marine x3  
  71  6:23  SCV x2, Supply Depot  
  74  6:35  SCV  
  74  6:37  Siege Tank  
  74  6:38  Marine x2  
  74  6:39  Marauder  
  82  6:41  Concussive Shells  
  82  6:43  Starport Reactor  
  82  6:47  SCV  
  83  6:58  Marine x2  
  83  6:59  SCV  
  83  7:00  Marine x2  
  88  7:01  Marauder  
  88  7:06  Supply Depot  
  90  7:08  Command Center  
  90  7:11  SCV, Refinery  
  90  7:12  SCV  
  89  7:23  SCV  
  89  7:24  SCV  
  91  7:36  SCV  
  89  7:51  Marine x2  
  89  7:53  Marauder  
  93  8:09  Marine x3  
  93  8:10  Marine  
  93  8:15  Marauder  
  93  8:21  Siege Tank  
  93  8:31  Supply Depot  
  93  8:36  Planetary Fortress  
  93  8:39  Missile Turret  
  93  8:53  Supply Depot  
  93  8:59  Missile Turret  
  93  9:12  SCV  
  93  9:16  Supply Depot  
  93  9:20  Missile Turret  
  93  9:25  SCV  
  93  9:28  Marine x2  
  93  9:29  Marine x2  
  93  9:30  Marauder  
  93  9:31  SCV  
  93  9:33  SCV  
  93  9:37  SCV  
  93  9:38  Supply Depot  
  93  9:41  Missile Turret  
  93  9:43  SCV  
  93  9:45  SCV  
  93  9:49  SCV  
  93  9:55  SCV  
  93  9:57  SCV  
  93  9:58  Marauder, Marine x3  
  93  9:59  Marine  
  93  10:01  SCV  
  93  10:02  Missile Turret  
  93  10:07  SCV  
  93  10:09  SCV  
  93  10:13  SCV  
  93  10:18  Marine x2  
  93  10:19  SCV, Siege Tank  
  93  10:20  Marine x2  
  93  10:21  SCV, Armory, Marauder  
  93  10:25  SCV  
  93  10:31  SCV  
  93  10:33  SCV  
  93  10:37  SCV  
  93  10:39  Medivac x2  
  93  10:44  SCV  
  93  10:45  SCV  
  93  11:02  Refinery  
  93  11:07  Refinery  
  93  11:08  Terran Infantry Weapons Level 2  
  93  11:09  Terran Infantry Armor Level 2, Armory  
  93  11:16  SCV, Marauder, Marine x4, Siege Tank  
  93  11:22  Medivac x2  
  93  11:47  Marine x4  
  93  11:49  Marauder  
  93  11:51  Siege Tank  
  93  11:52  Medivac  
  93  11:53  Medivac  
  93  11:54  Terran Vehicle Weapons Level 1  
  93  11:57  Terran Vehicle And Ship Armor Level 1  
  93  12:01  Supply Depot  
  93  12:07  Marine x4  
  93  12:17  Command Center  
  93  12:23  Marauder  
  93  12:27  Supply Depot  
  93  12:49  Supply Depot  
  93  12:50  SCV  
  93  12:56  Marine x4  
  93  12:58  Marauder, Siege Tank  
  93  13:02  SCV  
  93  13:11  Supply Depot  
  93  13:15  SCV  
  93  13:16  Marine x2, Barracks  
  93  13:17  Marine x2, Barracks x2  
  93  13:20  Marauder  
  93  13:33  Supply Depot  
  93  13:38  Command Center  
  93  13:41  Terran Infantry Weapons Level 3, Terran Infantry Armor Level 3  
  93  14:06  Barracks Tech Lab  
  93  14:08  Barracks Tech Lab, Barracks Reactor  
  93  14:22  Drilling Claws  
  93  14:48  Planetary Fortress  
  93  15:21  Command Center  
  93  15:27  Refinery  
  93  15:29  Refinery  
Tags
 
League
GoldGold
Matchup
TvT
Race
Terran
Add a new tag
Caveats
  • Supply blocks, unpowered buildings, or Contaminate may cause inaccurate times.
  • Supply counts are checked every 10 seconds.